 Seeded DCSS version 0.28-a0-422-gd71735c (webtiles) character file.

Game seed: 8859158737211481446 (custom seed)

6140 Illumine the Basher (level 10, -16/90 HPs)
             Began as a Troll Monk on Sept 8, 2021.
             Was a Priest of Ru.
             Demolished by a death knight (27 damage)
             ... on level 11 of the Dungeon.
             The game lasted 00:23:15 (8160 turns).

Illumine the Basher (Troll Monk)                    Turns: 8160, Time: 00:23:16

Health: -16/90     AC:  7    Str: 24    XL:     10   Next: 59%
Magic:  0/9        EV: 10    Int:  6    God:    Ru [***...]
Gold:   423        SH:  0    Dex: 12    Spells: 9/9 levels left

rFire   x . .      SeeInvis .   A - +4 giant spiked club (elec)
rCold   + . .      Faith    .   (shield currently unavailable)
rNeg    . . .      Spirit   +   k - +0 steam dragon scales
rPois   .          Reflect  .   (helmet restricted)
rElec   .          Harm     .   h - scarf {repulsion}
rCorr   .          Rampage  .   (gloves unavailable)
Will    .....                   (boots unavailable)
Stlth   ++........              u - amulet of guardian spirit
HPRegen 1.25/turn               i - ring of ice
MPRegen 0.11/turn               a - +4 ring of evasion

@: studying Throwing, repel missiles
A: large, unfitting armour, claws 3, frail 1, regeneration 1, shaggy fur 1,
tough skin 1, reduced EV 1
a: Renounce Religion, Draw Out Power


You were on level 11 of the Dungeon.
You worshipped Ru.
Ru was most pleased with you.
You visited 2 branches of the dungeon, and saw 12 of its levels.

You collected 511 gold pieces.
You spent 88 gold pieces at shops.

Inventory:

Hand Weapons
 z - a +3 flail
 A - a +4 giant spiked club of electrocution (weapon)
Missiles
 d - 332 stones
 e - 58 poisoned darts
 m - 2 boomerangs (quivered)
 w - 3 datura-tipped darts
Armour
 h - a scarf of repulsion (worn)
 k - +0 steam dragon scales (worn)
 G - the +3 ring mail of the Eternal Void {Int+4 Stlth+}
   (You found it on level 9 of the Dungeon)

   Int:       It affects your intelligence (+4).
   Stlth:     It makes you more stealthy.
Jewellery
 a - a +4 ring of evasion (right claw)
 i - a ring of ice (left claw)
 p - a ring of resist corrosion
 u - an amulet of guardian spirit (around neck)
 B - a ring of flight
Wands
 o - a wand of polymorph (6)
 x - a wand of acid (1)
Scrolls
 f - 3 scrolls of brand weapon
 g - 5 scrolls of magic mapping
 j - 6 scrolls of teleportation
 n - 2 scrolls of immolation
 s - 2 scrolls of silence {unknown}
 t - a scroll of blinking
 y - 2 scrolls of torment
 C - a scroll of fear {unknown}
 D - a scroll of vulnerability {unknown}
Potions
 b - a potion of berserk rage
 c - 4 potions of curing
 l - 2 potions of ambrosia {unknown}
 q - a potion of might
 r - 2 potions of heal wounds
 v - 2 potions of resistance {unknown}
 E - a potion of haste {unknown}
 F - a potion of lignification {unknown}
Miscellaneous
 H - a tin of tremorstones (2/2)


   Skills:
 + Level 6.8 Fighting
 * Level 10.2 Maces & Flails
 + Level 9.7 Throwing
 - Level 2.3 Armour
 - Level 4.5 Dodging
 - Level 1.0 Stealth


You had 9 spell levels left.
You didn't know any spells.
Your spell library contained the following spells:

 Spells                   Type           Power      Damage    Failure   Level
 Foxfire                  Conj/Fire      0%         2x1d4     45%         1
 Conjure Flame            Conj/Fire      0%         6-21      83%         3
 Dazzling Flash           Conj/Hex       0%         N/A       83%         3
 Inner Flame              Hex/Fire       0%         N/A       83%         3
 Flame Wave               Conj/Fire      0%         3d3       99%         4
 Iskenderun's Mystic Bla  Conj/Tloc      0%         2d3       99%         4
 Fireball                 Conj/Fire      0%         3d3       100%        5
 Starburst                Conj/Fire      0%         6d3       100%        6
 Borgnjor's Revivificati  Necr           0%         N/A       100%        8
 Ignition                 Fire           0%         3d3       100%        8
 Necromutation            Tmut/Necr      0%         N/A       100%        8
 Death's Door             Necr           0%         N/A       100%        9


Dungeon Overview and Level Annotations

Branches:
Dungeon (11/15)            Temple (1/1) D:4
   Lair: D:8-11         Orc: D:9-12

Altars:
Cheibriados
Elyvilon
Fedhas
Gozag
Hepliaklqana
Kikubaaqudgha
Makhleb
Nemelex Xobeh
Okawaru
Qazlal
Ru
Sif Muna
Trog
Vehumet
Yredelemnul
Zin
The Shining One
Beogh

Shops:
D:2 =   D:3 **![*

Annotations:
D:5 3 runed translucent doors, Buxparty's ghost, novice TeFE
D:9 1 runed translucent door
D:10 Maggie


Innate Abilities, Weirdness & Mutations

You are too large for most types of armour.
You have claws for hands.
You are frail. (-10% HP)
Your natural rate of healing is unusually fast.
You are covered in fur. (AC +1)
You have tough skin. (AC +1)
You have somewhat slow reflexes. (EV -5)


Message History

The freezing wraith hits you. The freezing wraith freezes you. You resist.
The freezing wraith barely misses you.
You impale the freezing wraith!!
Lightning courses through the freezing wraith!!
You destroy the freezing wraith!
You start resting.
HP restored.
You start resting.
Magic restored.
You climb downwards.
You hear the roar of battle.
There is an entrance to a bailey on this level.
Hurry and find it before the portal closes forever!
You hear the faint creaking of a portcullis very nearby.
There is a stone staircase leading up here.
The death knight hits you with a +0 battleaxe!
You bludgeon the death knight!!
The death knight is moderately wounded.
The death knight hits you with a +0 battleaxe!
You bludgeon the death knight!!
The death knight is heavily wounded.
The death knight completely misses you.
A wraith comes into view.
You hit the death knight.
The death knight is heavily wounded.
The death knight begins to pray, but is stunned by your conviction!
The death knight hits you with a +0 battleaxe!!
You closely miss the death knight.
The death knight is heavily wounded.
The death knight hits you with a +0 battleaxe!!
There is a stone staircase leading up here.
You sock the death knight!
The death knight is severely wounded.
The death knight hits you with a +0 battleaxe!
You focus your inner power and illuminate the death knight in retribution!
You bludgeon the death knight!!
The death knight is almost dead.
The death knight hits you with a +0 battleaxe!!
* * * LOW HITPOINT WARNING * * *
The death knight hits you with a +0 battleaxe!!
You die...

#.# #.# #.#
#.# #.# #.#
#.# #@# #p#
#z#
...#.##W###
..........#
##.#.####.#
# #.## #..#
##.##


You could see a death knight (corona), a skeletal warrior and a wraith.

Vanquished Creatures
  2 two-headed ogres (D:9)
  A freezing wraith (D:10)
  Prince Ribbit (D:6)
  6 yaks (D:9)
  A steam dragon (D:7)
  2 water moccasins
  2 black bears
  3 orc warriors
  2 necrophages
  5 ice beasts
  An ogre (D:7)
  3 centaurs
  3 bullfrogs
  A water moccasin zombie (D:6)
  A gnoll sergeant (D:9)
  A scorpion (D:5)
  7 wights
  2 centaur zombies
  2 bullfrog zombies
  A jelly (D:5)
  A bullfrog skeleton (D:4)
  A centaur skeleton (D:4)
  3 hounds (D:5)
  5 orc priests
  3 iguanas
  5 orc wizards
  A hound skeleton (D:4)
  Robin (D:4)
  4 adders
  6 gnolls
  A white imp (D:6)
  An ufetubus (D:6)
  An adder skeleton (D:4)
  3 worms
  2 dart slugs
  23 orcs
  4 endoplasms
  2 giant cockroaches (D:1)
  10 hobgoblins
  6 jackals (D:3)
  12 kobolds
  A quokka (D:2)
  5 ball pythons
  8 bats
  A frilled lizard (D:1)
  21 goblins
  3 rats
  A spectral kobold (D:2)
182 creatures vanquished.

Vanquished Creatures (others)
  A bullfrog (D:6)
  An orc wizard (D:8)
2 creatures vanquished.

Grand Total: 184 creatures vanquished

Notes
Turn   | Place    | Note
-------+----------+-------------------------------------------
     0 | D:1      | Illumine the Troll Monk began the quest for the Orb.
     0 | D:1      | Reached XP level 1. HP: 22/22 MP: 0/0
   331 | D:1      | Reached skill level 3 in Maces & Flails
   394 | D:1      | Reached XP level 2. HP: 28/29 MP: 1/1
   936 | D:2      | Found Etempa's Jewellery Shoppe.
   993 | D:2      | Found a faded altar of an unknown god.
  1071 | D:2      | Reached skill level 1 in Throwing
  1083 | D:2      | Reached XP level 3. HP: 36/36 MP: 2/2
  1198 | D:3      | You fall into a shaft and drop 2 floors!
  1198 | D:5      | Entered Level 5 of the Dungeon
  1235 | D:5      | Noticed a bullfrog
  1390 | D:5      | Noticed a scorpion
  1403 | D:5      | Killed a scorpion
  1404 | D:5      | Reached XP level 4. HP: 45/45 MP: 3/3
  1492 | D:5      | Reached skill level 4 in Maces & Flails
  1602 | D:4      | Reached XP level 5. HP: 51/53 MP: 4/4
  1620 | D:4      | Noticed Robin
  1696 | D:3      | You fall into a shaft and drop 1 floor!
  1715 | D:3      | Found Caguatt's Assorted Antiques.
  1721 | D:3      | Found Neps's General Store.
  1745 | D:3      | Bought a scroll of identify for 28 gold pieces
  1908 | D:3      | Found an opulent altar of Gozag.
  1917 | D:3      | Reached XP level 6. HP: 61/61 MP: 5/5
  1950 | D:3      | Found Urrunyr's Assorted Antiques.
  1958 | D:3      | Found Fedwidof's Antique Armour Boutique.
  2379 | D:3      | Found Naid's Distillery.
  2406 | D:3      | Bought a potion of heal wounds for 60 gold pieces
  3114 | D:3      | Reached skill level 5 in Maces & Flails
  3138 | D:4      | Found a staircase to the Ecumenical Temple.
  3150 | Temple   | Entered the Ecumenical Temple
  3199 | Temple   | Became a worshipper of Ru the Awakened
  3225 | Temple   | Gained mutation: You are frail. (-10% HP) [Ru sacrifice]
  3225 | Temple   | Reached * piety under Ru
  3225 | Temple   | Reached ** piety under Ru
  3313 | D:4      | Killed Robin
  3588 | D:4      | Reached XP level 7. HP: 60/61 MP: 4/6
  4126 | D:5      | Found a sparkling altar of Nemelex Xobeh.
  4203 | D:5      | Found a runed translucent gate.
  4204 | D:5      | Found a runed translucent gate.
  4204 | D:5      | Noticed Buxparty's ghost (novice TeFE)
  4204 | D:5      | Identified the +1 scale mail "Udikhoum" {Fly rPois}
  4205 | D:5      | Found a runed translucent gate.
  4367 | D:6      | Reached skill level 6 in Maces & Flails
  4461 | D:6      | Reached skill level 5 in Throwing
  4521 | D:6      | Reached XP level 8. HP: 21/71 MP: 2/7
  4977 | D:6      | Found a shimmering blue altar of Sif Muna.
  5056 | D:6      | Noticed Prince Ribbit
  5114 | D:6      | Killed Prince Ribbit
  5115 | D:6      | Reached skill level 7 in Maces & Flails
  5590 | D:7      | Reached skill level 5 in Fighting
  5706 | D:7      | Found a glowing golden altar of the Shining One.
  5706 | D:7      | Found an ancient bone altar of Kikubaaqudgha.
  5708 | D:7      | Found a stormy altar of Qazlal.
  5708 | D:7      | Found a glowing silver altar of Zin.
  5743 | D:7      | Reached XP level 9. HP: 79/79 MP: 8/8
  5873 | D:7      | Found a bloodstained altar of Trog.
  6272 | D:7      | Found an ancient bone altar of Kikubaaqudgha.
  6281 | D:7      | Gained mutation: You have somewhat slow reflexes. (EV -5)
                  | [Ru sacrifice]
  6281 | D:7      | Reached *** piety under Ru
  6406 | D:8      | Reached skill level 8 in Maces & Flails
  6687 | D:8      | Reached skill level 1 in Armour
  7278 | D:9      | Noticed a two-headed ogre
  7283 | D:9      | Killed a two-headed ogre
  7369 | D:9      | Reached skill level 9 in Maces & Flails
  7475 | D:9      | Reached XP level 10. HP: 78/88 MP: 7/9
  7628 | D:9      | Identified the +3 ring mail of the Eternal Void {Int+4
                  | Stlth+}
  7677 | D:9      | Noticed a two-headed ogre
  7686 | D:9      | Killed a two-headed ogre
  7893 | D:9      | Found a runed translucent door.
  7952 | D:10     | Entered Level 10 of the Dungeon
  7952 | D:10     | Noticed Maggie
  8085 | D:10     | Reached skill level 10 in Maces & Flails
  8113 | D:11     | Noticed a death knight
  8113 | D:11     | Noticed a skeletal warrior
  8160 | D:11     | Demolished by a death knight

Illustrated notes

Levels and vault maps discovered:
D:1:      scummos_arrival_gate, layout_loops_corners, grunt_decor_arrowhead,
          serial_bayou_pond_d
D:2:      layout_basic, dreamdust_ecumenical_altar_drowned_temple, serial_shops,
          shop
D:3:      corexii_shack_village, layout_basic, lemuel_crystal_altar,
          serial_shops, nicolae_shop_waterfront, shop, nicolae_diamond_shop,
          nicolae_shop_window_shopping, shop, minivault_25
D:4:      layout_rooms, minmay_temple_entry_glassed_door, serial_glass,
          glass_columns_c, glass_columns_c, glass_columns_c, glass_columns_c,
          glass_columns_b, glass_columns_b, uniq_robin
D:5:      lemuel_ice_spiral_2, layout_basic, mainiacjoe_overflow_cross_hatched,
          biasface_ghost_orc_armoury
D:6:      layout_basic, led_sif_pool, uniq_prince_ribbit1
D:7:      layout_basic, trog_hazing_becter, mainiacjoe_overflow_alcove_3,
          minivault_24, chequers_serial_rivers_room_a, kennysheep_flooded_box
D:8:      layout_loops_cross
D:9:      layout_loops_ring, minmay_misc_feat_cross, lightli_church_of_beogh
D:10:     layout_gridville, eat_drink_and_be_merry_uskayaw,
          grunt_temple_overflow_open, gammafunk_ghost_hydra_chop,
          feat_on_display, uniq_maggie
D:11:     lemuel_ogre_cave, layout_basic, erik_lair_orcish_takeover,
          enter_trove_1, enter_bailey_8, minivault_16, minmay_diamond_spiral
Temple:   jpeg_temple_island

Skill      XL: |  1  2  3  4  5  6  7  8  9 10 |
---------------+-------------------------------+-----
Maces & Flails | 3 4 5 6 7 9 10 | 10.2
Throwing       | 1 2 3 4 5 6 8 9 |  9.7
Fighting       | 3 4 5 6 |  6.8
Dodging        | 3 4 |  4.5
Armour         | 2 |  2.3
Stealth        | |  1.0

Action                   |  1- 3 |  4- 6 |  7- 9 | 10-12 || total
-------------------------+-------+-------+-------+-------++-------
Melee: Mace              |    73 |   132 |       |       ||   205
       Flail             |       |   109 |   188 |       ||   297
       Giant spiked club |       |       |    77 |    43 ||   120
Throw: Dart              |     2 |    25 |    33 |     3 ||    63
       Stone             |       |       |    13 |       ||    13
       Boomerang         |       |       |    26 |     6 ||    32
Invok: Sacrifice Health  |       |     1 |     1 |       ||     2
Evoke: Wand              |       |       |     2 |       ||     2
  Use: Scroll            |     1 |       |    14 |       ||    15
 Stab: Sleeping          |     1 |     2 |     3 |       ||     6
       Distracted        |       |       |     1 |       ||     1
Armor: Robe              |    30 |   107 |    72 |       ||   209
       Steam dragon scal |       |       |    18 |    23 ||    41
Dodge: Dodged            |    31 |   125 |   175 |    17 ||   348
       Repelled          |       |     2 |     1 |       ||     3

Table legend: (Time is in decaauts)
 A = Elapsed time spent in this place.
 B = Non-inter-level travel time spent in this place.
 C = Inter-level travel time spent in this place.
 D = Time resting spent in this place.
 E = Time spent auto-exploring this place.
 F = Levels seen in this place.
 G = Mean time per level.
                   A        B        C        D        E       F      G
               +--------+--------+--------+--------+--------+-----+--------+
         Total |   8277 |   7959 |    318 |    329 |   5153 |  12 |  689.8 |
       Dungeon |   8195 |   7889 |    306 |    329 |   5123 |  11 |  745.0 |
        Temple |     81 |     69 |     12 |      0 |     30 |   1 |   81.0 |
               +--------+--------+--------+--------+--------+-----+--------+

Top non-repeatable levels by time:
     D:6: 1213 daAuts
     D:3: 1077 daAuts
     D:7: 948 daAuts
     D:5: 888 daAuts
     D:1: 843 daAuts
     D:8: 792 daAuts
     D:2: 791 daAuts
     D:9: 744 daAuts
     D:4: 695 daAuts
    D:10: 160 daAuts
  Temple: 81 daAuts
    D:11: 41 daAuts
